[Event "Titled Tuesday Blitz January 10 Early 2023"]
[White "Czernek, Tymon"]
[Black "Oparin, Grigoriy"]
[WhiteFideId "1199510"]
[BlackFideId "24125890"]
[WhiteElo "2314"]
[BlackElo "2667"]
[Result "0-1"]
[Round "06"]
[TimeControl "180+2"]
[Date "2023.01.10"]
[WhiteClock "0:00:53"]
[BlackClock "0:01:10"]

1. e4 c6 2. d4 d5 3. f3 Qb6 4. Nc3 e6 5. Nh3 Nf6 6. Nf2 c5 7. dxc5 Bxc5 8. Nd3 Bd4 9. exd5 exd5 10. Ne2 O-O 11. c3 Be3 12. Bxe3 Qxe3 13. Qd2 Qb6 14. O-O-O Nc6 15. Ndf4 Qa5 16. Nxd5 Qxa2 17. Nxf6+ gxf6 18. Qf4 Be6 19. Qxf6 Qa1+ 20. Kd2 Rfd8+ 21. Nd4 Qxb2+ 22. Kd3 Nxd4 23. Qg5+ Kf8 24. Qc5+ Ke8 25. cxd4 Rac8 0-1


[Site "https://www.chess.com"]

[Event "Titled Tuesday Blitz January 10 Early 2023"]
[White "Renjith, Sravan"]
[Black "Ibarra Jerez, Jose Carlos"]
[WhiteFideId "4306783"]
[BlackFideId "2226332"]
[WhiteElo "2172"]
[BlackElo "2563"]
[Result "0-1"]
[Round "06"]
[TimeControl "180+2"]
[Date "2023.01.10"]
[WhiteClock "0:00:03"]
[BlackClock "0:00:20"]

1. Nf3 Nf6 2. d4 d6 3. Bf4 g6 4. e3 Bg7 5. Nbd2 O-O 6. h3 c5 7. c3 Be6 8. Be2 Qb6 9. Qc1 Nc6 10. O-O Rac8 11. Bh2 cxd4 12. exd4 Nd5 13. Nc4 Qa6 14. Qd2 Nxc3 15. Qxc3 Nxd4 16. Nxd4 Bxc4 17. Qe3 Bxd4 18. Bxc4 Qxc4 19. Qxe7 Rfe8 20. Qxd6 Re2 21. Bg3 Bxb2 22. Rab1 Qc6 23. Qd3 Rce8 24. Qb3 Bd4 25. Qxb7 Qxb7 26. Rxb7 Rxa2 27. Rd1 Ra4 28. Rd7 Bf6 29. R1d6 Kg7 30. Rb7 Re1+ 31. Kh2 Raa1 32. Bf4 g5 33. Rxf6 Kxf6 34. Be3 Kg6 35. Bd4 Rh1+ 36. Kg3 Ra3+ 37. f3 h5 38. Bxa7 h4+ 39. Kf2 Ra2+ 40. Ke3 Re1+ 41. Kd3 Rxg2 42. Rb6+ Re6 43. Rb5 Rg3 0-1


[Site "https://www.chess.com"]

[Event "Titled Tuesday Blitz January 10 Early 2023"]
[White "Manelyuk, Daniil"]
[Black "Ozen, Bahadir"]
[WhiteFideId "44173920"]
[BlackFideId "6337058"]
[WhiteElo "2302"]
[BlackElo "2369"]
[Result "1-0"]
[Round "06"]
[TimeControl "180+2"]
[Date "2023.01.10"]
[WhiteClock "0:00:20"]
[BlackClock "0:00:03"]

1. e4 d6 2. d4 Nf6 3. Nc3 e5 4. Nf3 Nbd7 5. Bc4 Be7 6. O-O O-O 7. Re1 c6 8. a4 b6 9. b3 a6 10. Ba3 Bb7 11. Qd2 b5 12. Bf1 exd4 13. Nxd4 c5 14. axb5 cxd4 15. Qxd4 Qc7 16. Bd3 Rfd8 17. Bb4 axb5 18. Nxb5 Qb6 19. Qxb6 Nxb6 20. e5 Rxa1 21. Rxa1 Ne8 22. Ra7 Rd7 23. exd6 Bxd6 24. Nxd6 Nxd6 25. Bxd6 Nc8 26. Rxb7 Rxb7 27. Bc5 Rc7 28. b4 Ne7 29. f3 Nc6 30. b5 Nb8 31. Bd6 Rb7 32. c4 Nd7 33. c5 Ra7 34. c6 Nb6 35. Bc5 Ra1+ 36. Kf2 Ra2+ 37. Kg3 Nd5 38. b6 Ra8 39. b7 Re8 40. Bd6 1-0


[Site "https://www.chess.com"]

[Event "Titled Tuesday Blitz January 10 Early 2023"]
[White "Le Ruyet, Leopold"]
[Black "Harsha Bharathakoti"]
[WhiteFideId "645923"]
[BlackFideId "5078776"]
[WhiteElo "2245"]
[BlackElo "2602"]
[Result "0-1"]
[Round "06"]
[TimeControl "180+2"]
[Date "2023.01.10"]
[WhiteClock "0:00:04"]
[BlackClock "0:00:06"]

1. c4 e6 2. Nf3 d5 3. e3 Nf6 4. b3 b6 5. Bb2 Bb7 6. Nc3 Nbd7 7. cxd5 exd5 8. Be2 a6 9. O-O Bd6 10. Nd4 g6 11. Bf3 O-O 12. g3 Ne5 13. Be2 Re8 14. f4 Ned7 15. Bf3 c5 16. Nde2 Rb8 17. Qc2 d4 18. exd4 b5 19. Bxb7 Rxb7 20. dxc5 Nxc5 21. d4 Ng4 22. dxc5 Bxc5+ 23. Kh1 Rd7 24. Ne4 Qa8 25. Nc3 b4 26. Rae1 bxc3 27. Qxc3 Bd4 28. Qf3 Bxb2 29. h3 Nf6 30. Nxf6+ Bxf6 31. Rxe8+ Qxe8 32. Qf2 Qe4+ 33. Kh2 Rd3 34. Re1 Qd5 35. Re8+ Kg7 36. Re2 h5 37. h4 Rd1 38. Re1 Rd2 39. Re2 Rd3 40. Re1 a5 41. Re2 Bd4 42. Qf1 Bc5 43. Qg2 Qxg2+ 44. Kxg2 Bd4 45. Rc2 Bc3 46. Kf1 Kf6 47. Kf2 Rd2+ 48. Rxd2 Bxd2 49. Ke2 Bb4 50. Kd3 Kf5 51. Kc4 Kg4 0-1


[Site "https://www.chess.com"]

[Event "Titled Tuesday Blitz January 10 Early 2023"]
[White "Neiksans, Arturs"]
[Black "Pajeken, Jakob Leon"]
[WhiteFideId "11601388"]
[BlackFideId "12942839"]
[WhiteElo "2615"]
[BlackElo "2417"]
[Result "1-0"]
[Round "06"]
[TimeControl "180+2"]
[Date "2023.01.10"]
[WhiteClock "0:00:39"]
[BlackClock "0:00:42"]

1. e4 e5 2. Nf3 Nc6 3. Bb5 a6 4. Ba4 Be7 5. d4 exd4 6. Nxd4 Nf6 7. Bxc6 dxc6 8. Nc3 c5 9. Nde2 Qxd1+ 10. Kxd1 Ng4 11. Ke1 c6 12. f3 Nf6 13. Be3 Be6 14. Kf2 O-O-O 15. Rhd1 b6 16. Nf4 Kb7 17. Nxe6 fxe6 18. Rxd8 Rxd8 19. Rd1 Rxd1 20. Nxd1 b5 21. b3 Nd7 22. Nb2 Bf6 23. Nd3 Bd4 24. Ke2 a5 25. Nf4 Nf8 26. c3 Bxe3 27. Kxe3 e5 28. Nd3 Nd7 29. c4 a4 30. bxa4 bxc4 31. Nb2 Nb6 32. Kd2 Ka6 33. Kc3 g5 34. a5 Nd7 35. Nxc4 Kb5 36. Kb3 h5 37. a4+ Ka6 38. g3 g4 39. fxg4 hxg4 40. Kc3 Kb7 41. Kd3 Ka6 42. Ke3 Kb7 43. Kf2 Nf6 44. Nxe5 Nxe4+ 45. Ke3 Nf6 46. Nc4 Nd5+ 47. Ke4 Nc3+ 48. Kf5 Nxa4 49. Kxg4 Ka6 50. h4 Kb5 51. h5 Kxc4 52. h6 1-0


[Site "https://www.chess.com"]

[Event "Titled Tuesday Blitz January 10 Early 2023"]
[White "Pak, Yevgeniy"]
[Black "Rustemov, Alexander"]
[WhiteFideId "14201712"]
[BlackFideId "4119002"]
[WhiteElo "2384"]
[BlackElo "2525"]
[Result "1/2-1/2"]
[Round "06"]
[TimeControl "180+2"]
[Date "2023.01.10"]
[WhiteClock "0:00:16"]
[BlackClock "0:00:07"]

1. d4 d5 2. c4 dxc4 3. Nf3 a6 4. g3 b5 5. Bg2 Bb7 6. O-O e6 7. a4 Nf6 8. b3 cxb3 9. Qxb3 b4 10. Nbd2 a5 11. Nc4 Be7 12. Rd1 O-O 13. Nfe5 Bxg2 14. Kxg2 Qd5+ 15. f3 Nbd7 16. e4 Qb7 17. Bg5 Rfe8 18. Bxf6 Nxf6 19. Nxf7 Nxe4 20. Nce5 Ng5 21. Nxg5 Bxg5 22. d5 Bf6 23. Nd7 exd5 24. Rxd5 Kh8 25. Nxf6 gxf6 26. Rd7 Qc6 27. Rad1 Re2+ 28. Kf1 Re6 29. Rxc7 Qa6+ 30. Kg2 Qe2+ 31. Kh3 Rae8 32. Qd3 Qxd3 33. Rxd3 R8e7 34. Rc5 Re5 35. Rc8+ Kg7 36. Rdd8 Kg6 37. f4 Rh5+ 38. Kg4 f5+ 39. Kf3 Rxh2 40. Rc6+ Kf7 41. Rdd6 Rhe2 42. Rf6+ Kg7 43. Rxf5 R2e3+ 44. Kg4 Rb7 45. Rxa5 b3 46. Rc1 b2 47. Rb1 Rc3 48. Rb5 Rxb5 49. axb5 Rb3 50. Kf5 Rxb5+ 51. Ke4 Kf6 52. g4 Rb4+ 53. Ke3 Rb3+ 54. Ke4 Kg6 55. Ke5 Rb5+ 56. Ke6 Rb6+ 57. Ke5 Rb5+ 58. Ke6 Rb6+ 59. Ke5 Kf7 60. Kf5 Rb5+ 61. Ke4 Ke6 62. Kd4 Rb4+ 63. Ke3 h6 64. f5+ Kf6 65. Kf3 Kg5 66. Ke3 Rb5 67. Kf3 Kf6 68. Kf4 Rb4+ 69. Kg3 Ke5 70. Kh4 Kd4 71. Kh5 Rb6 72. g5 hxg5 73. Kxg5 Ke5 74. f6 Rxf6 75. Rxb2 Rf5+ 76. Kg4 Rf4+ 1/2-1/2


[Site "https://www.chess.com"]

[Event "Titled Tuesday Blitz January 10 Early 2023"]
[White "Yuan, Qingyu"]
[Black "Crevatin, Leo"]
[WhiteFideId "8609772"]
[BlackFideId "1726307"]
[WhiteElo "2373"]
[BlackElo "2292"]
[Result "1-0"]
[Round "06"]
[TimeControl "180+2"]
[Date "2023.01.10"]
[WhiteClock "0:00:12"]
[BlackClock "0:00:06"]

1. Nf3 Nf6 2. g3 b5 3. a4 b4 4. Bg2 Bb7 5. O-O e6 6. d3 d6 7. e4 Nbd7 8. Nbd2 Be7 9. a5 c5 10. Re1 O-O 11. c3 bxc3 12. bxc3 Ne5 13. Nxe5 dxe5 14. Nc4 Qc7 15. f4 exf4 16. Bxf4 Qd8 17. a6 Bc6 18. Na5 Bd7 19. Nb7 Qc8 20. Qd2 Bc6 21. Kh1 Nd7 22. d4 cxd4 23. cxd4 Nb6 24. d5 Bxb7 25. axb7 Qxb7 26. d6 Bd8 27. Reb1 Qc6 28. e5 Nd5 29. Rc1 Qb7 30. Rab1 Bb6 31. Rd1 Rac8 32. Bxd5 exd5 33. Qxd5 Qxd5+ 34. Rxd5 Rfd8 35. Rdd1 Kf8 36. Kg2 h6 37. Rbc1 Rxc1 38. Rxc1 Ke8 39. h4 Kd7 40. h5 Rc8 41. Rf1 a5 42. Rb1 Rc6 43. Kf3 Ke6 44. Ke4 Rc4+ 45. Kd3 Rb4 46. Rxb4 axb4 47. Kc4 Ba5 48. g4 Kd7 49. Bc1 Ke6 50. Bb2 f6 51. exf6 gxf6 52. Kb5 Bd8 53. Kxb4 Kxd6 54. Bc1 Ke6 55. Bxh6 f5 56. g5 Be7+ 57. Kc4 f4 58. Kd3 Kf5 59. g6 Bf6 60. g7 Bxg7 61. Bxg7 Kg5 62. h6 Kg6 63. Ke2 Kf7 64. Kf3 Kg6 65. Kxf4 Kh7 66. Kg4 Kg8 67. Kh5 Kh7 68. Bd4 Kg8 69. Kg6 1-0


[Site "https://www.chess.com"]

[Event "Titled Tuesday Blitz January 10 Early 2023"]
[White "Bilych, Olexiy"]
[Black "Fiorito, Francisco"]
[WhiteFideId "14156504"]
[BlackFideId "180165"]
[WhiteElo "2441"]
[BlackElo "2305"]
[Result "1/2-1/2"]
[Round "06"]
[TimeControl "180+2"]
[Date "2023.01.10"]
[WhiteClock "0:00:08"]
[BlackClock "0:00:10"]

1. e4 c5 2. Nf3 Nc6 3. d4 cxd4 4. Nxd4 g6 5. c4 Nf6 6. Nc3 d6 7. Be2 Nxd4 8. Qxd4 Bg7 9. Be3 O-O 10. Qd3 a5 11. O-O a4 12. Rad1 Qa5 13. Bd4 Be6 14. Qe3 Rfc8 15. b3 axb3 16. axb3 Nd7 17. Bxg7 Kxg7 18. f4 Qc5 19. Qxc5 Nxc5 20. f5 Bd7 21. b4 Na4 22. Nd5 f6 23. fxg6 hxg6 24. Nxe7 Re8 25. Nd5 Rxe4 26. Bf3 Rxc4 27. Nxf6 Bf5 28. Rxd6 Ra6 29. g4 Rxd6 30. Ne8+ Kh6 31. Nxd6 Rd4 32. gxf5 Rxd6 33. Bxb7 Kg5 34. fxg6 Rxg6 35. Be4 Re6 36. Bd3 Nb6 37. Kg2 Rd6 38. Be2 Nd5 39. Rb1 Nf4+ 40. Kf3 Rf6 41. Rg1+ Kh6 42. Rf1 Nd5+ 43. Ke4 Rxf1 44. Kxd5 Rb1 45. b5 Kg5 46. Kc6 Rxb5 47. Kxb5 Kh6 48. Kc5 Kg7 49. Kd5 Kh8 50. Ke5 Kg8 51. Kf5 Kh8 52. Kg6 Kg8 53. Kh6 Kh8 54. h4 Kg8 55. h5 Kh8 56. Bc4 1/2-1/2


[Site "https://www.chess.com"]

[Event "Titled Tuesday Blitz January 10 Early 2023"]
[White "Aradhya, Garg"]
[Black "Bilan, Danila"]
[WhiteFideId "25006746"]
[BlackFideId "24161918"]
[WhiteElo "2284"]
[BlackElo "2303"]
[Result "1-0"]
[Round "06"]
[TimeControl "180+2"]
[Date "2023.01.10"]
[WhiteClock "0:00:56"]
[BlackClock "0:00:05"]

1. d4 d5 2. c4 c6 3. Nf3 Nf6 4. Nc3 e6 5. e3 Nbd7 6. Qc2 Bd6 7. Be2 O-O 8. O-O dxc4 9. Bxc4 e5 10. a3 Qe7 11. h3 e4 12. Ng5 Nb6 13. Ba2 Bf5 14. f3 Bg6 15. Ngxe4 Nbd5 16. Nxf6+ Qxf6 17. Qf2 Nxc3 18. bxc3 Bd3 19. Rd1 Ba6 20. a4 Rae8 21. e4 Qg6 22. e5 Bb8 23. Bb1 Qh5 24. h4 f6 25. e6 Rxe6 26. Ba2 Re8 27. Re1 Qf7 28. Rxe6 Rxe6 29. Ba3 Qe8 30. Re1 1-0


[Site "https://www.chess.com"]

[Event "Titled Tuesday Blitz January 10 Early 2023"]
[White "Nigmatov, Ortik"]
[Black "Al-Tarboush, Ward"]
[WhiteFideId "14202131"]
[BlackFideId "7601450"]
[WhiteElo "2438"]
[BlackElo "2256"]
[Result "0-1"]
[Round "06"]
[TimeControl "180+2"]
[Date "2023.01.10"]
[WhiteClock "0:00:03"]
[BlackClock "0:00:09"]

1. d4 Nf6 2. Nf3 g6 3. Bg5 Bg7 4. Nbd2 d5 5. e3 O-O 6. Bd3 c5 7. c3 Nc6 8. O-O Bg4 9. h3 Bxf3 10. Nxf3 Ne4 11. Bh4 Qb6 12. Qe2 e5 13. c4 f5 14. cxd5 Nb4 15. dxe5 Nxd3 16. Qxd3 Qxb2 17. Rab1 Qxa2 18. Rxb7 c4 19. Qd4 Qa6 20. Rfb1 c3 21. Ne1 Nd2 22. Bf6 Bxf6 23. exf6 Qxf6 24. Qxf6 Rxf6 25. R1b5 Rc8 26. Nc2 Ra6 27. Rd7 Ra2 28. Nb4 Ra1+ 29. Kh2 Nf1+ 30. Kg1 Nxe3+ 31. Kh2 Nf1+ 32. Kg1 f4 33. g4 Nd2+ 34. Kg2 f3+ 35. Kg3 Rg1+ 36. Kh4 Ne4 37. g5 Rf8 38. Rb8 Rxb8 39. Nc6 Re8 40. Ne7+ Rxe7 41. Rxe7 Nd6 0-1


[Site "https://www.chess.com"]

[Event "Titled Tuesday Blitz January 10 Early 2023"]
[White "Srebrnic, Marko"]
[Black "Samunenkov, Ihor"]
[WhiteFideId "14603616"]
[BlackFideId "14187086"]
[WhiteElo "2366"]
[BlackElo "2501"]
[Result "0-1"]
[Round "06"]
[TimeControl "180+2"]
[Date "2023.01.10"]
[WhiteClock "0:00:48"]
[BlackClock "0:00:35"]

1. e4 c5 2. Nf3 Nc6 3. d4 cxd4 4. Nxd4 Nf6 5. Nc3 e5 6. Ndb5 d6 7. a4 a6 8. Na3 Bg4 9. Be2 Bxe2 10. Qxe2 d5 11. exd5 Nxd5 12. Nxd5 Qxd5 13. O-O Be7 14. Nc4 Nd4 15. Qxe5 Qxc4 16. Qxg7 O-O-O 17. b3 Ne2+ 18. Kh1 Ng3+ 19. hxg3 Qxf1+ 20. Kh2 Qxf2 21. Bf4 Qd4 22. Qxf7 Bd6 23. Qe6+ Kb8 24. c3 Qd3 25. Bxd6+ Qxd6 26. Qe3 Rhe8 27. Qf3 Qh6+ 28. Kg1 Qe3+ 0-1


[Site "https://www.chess.com"]

[Event "Titled Tuesday Blitz January 10 Early 2023"]
[White "Turzo, Attila"]
[Black "Halkias, Stelios"]
[WhiteFideId "704954"]
[BlackFideId "4201809"]
[WhiteElo "2279"]
[BlackElo "2511"]
[Result "0-1"]
[Round "06"]
[TimeControl "180+2"]
[Date "2023.01.10"]
[WhiteClock "0:00:08"]
[BlackClock "0:00:08"]

1. d4 Nf6 2. Bf4 d5 3. e3 e6 4. Nf3 Bd6 5. Bg3 O-O 6. Bd3 c5 7. c3 Qc7 8. dxc5 Qxc5 9. Nbd2 Nbd7 10. e4 Bxg3 11. hxg3 h6 12. O-O dxe4 13. Nxe4 Nxe4 14. Bxe4 Nf6 15. Bc2 Bd7 16. Qd4 Qc7 17. Rfd1 Rfd8 18. Ne5 Be8 19. Qf4 Rxd1+ 20. Rxd1 Rd8 21. Rxd8 Qxd8 22. g4 Qd5 23. Bb3 Qc5 24. Nd3 Qe7 25. f3 Qd8 26. Qe3 a5 27. Ne5 a4 28. Bc2 Qd5 29. a3 Qd6 30. c4 Qc7 31. Qd4 b6 32. Kf2 Nd7 33. Nxd7 Bxd7 34. Be4 Kf8 35. g3 f6 36. f4 Ke7 37. Bf3 g5 38. Ke3 Qc5 39. Qxc5+ bxc5 40. Bb7 Kd6 41. Ke4 Bc6+ 42. Bxc6 Kxc6 43. Kd3 f5 44. gxf5 exf5 45. Kc3 Kd6 46. b3 axb3 47. Kxb3 gxf4 48. gxf4 h5 49. a4 h4 50. a5 h3 51. a6 Kc7 52. a7 Kb7 0-1


[Site "https://www.chess.com"]

[Event "Titled Tuesday Blitz January 10 Early 2023"]
[White "Ioannidis, Evgenios"]
[Black "Fayzullaev, Akmal"]
[WhiteFideId "4229274"]
[BlackFideId "14200554"]
[WhiteElo "2467"]
[BlackElo "2391"]
[Result "1-0"]
[Round "06"]
[TimeControl "180+2"]
[Date "2023.01.10"]
[WhiteClock "0:00:11"]
[BlackClock "0:00:01"]

1. d4 Nf6 2. c4 e5 3. dxe5 Ng4 4. Bf4 Nc6 5. Nf3 Bb4+ 6. Nc3 Bxc3+ 7. bxc3 Qe7 8. Qd5 f6 9. exf6 Nxf6 10. Qd3 d6 11. g3 O-O 12. Bg2 Ne4 13. Nd4 Nc5 14. Qe3 Qxe3 15. Bxe3 Ne5 16. Nb3 Na4 17. Bd4 Re8 18. O-O c6 19. c5 d5 20. Nd2 Nd7 21. e4 Ndxc5 22. exd5 cxd5 23. Nb3 Ne4 24. f3 Nexc3 25. Rfe1 Bf5 26. Kf2 Bd3 27. Re3 Rxe3 28. Kxe3 Bc4 29. Kd2 Nxa2 30. Na5 Rd8 31. f4 Kf7 32. Bf3 b6 33. Nc6 Rd6 34. Ne5+ Kf8 35. Ke3 N4c3 36. Kd2 Na4 37. Kc2 b5 38. Nxc4 1-0


[Site "https://www.chess.com"]

[Event "Titled Tuesday Blitz January 10 Early 2023"]
[White "Acor, Corey"]
[Black "Kvaloy, Aksel Bu"]
[WhiteFideId "2024861"]
[BlackFideId "1528815"]
[WhiteElo "2216"]
[BlackElo "2321"]
[Result "1-0"]
[Round "06"]
[TimeControl "180+2"]
[Date "2023.01.10"]
[WhiteClock "0:00:08"]
[BlackClock "0:00:01"]

1. e4 e5 2. Nc3 Nf6 3. g3 d5 4. exd5 c6 5. dxc6 Nxc6 6. Bg2 Bg4 7. f3 Bf5 8. d3 Bc5 9. Nh3 O-O 10. Nf2 Rc8 11. O-O Nd4 12. Kh1 b5 13. a3 a5 14. Nce4 Nxe4 15. Nxe4 Bb6 16. c3 Nc6 17. f4 Qd7 18. fxe5 Nxe5 19. d4 Nc4 20. Qf3 Be6 21. Ng5 a4 22. Nxe6 fxe6 23. Qe2 Rxf1+ 24. Bxf1 Rf8 25. Bh3 Qd5+ 26. Bg2 Qf5 27. Bf4 g5 28. Be3 Qg6 29. Re1 Kg7 30. Bc1 e5 31. dxe5 Rf2 32. Qd1 Qe6 33. Qd5 Qxd5 34. Bxd5 Nxb2 35. Bxg5 Kf8 36. e6 Ke8 37. Bc6+ 1-0


[Site "https://www.chess.com"]

[Event "Titled Tuesday Blitz January 10 Early 2023"]
[White "Janaszak, Dawid"]
[Black "Zahid, Sanatan"]
[WhiteFideId "1119206"]
[BlackFideId "10201963"]
[WhiteElo "2316"]
[BlackElo "1930"]
[Result "1-0"]
[Round "06"]
[TimeControl "180+2"]
[Date "2023.01.10"]
[WhiteClock "0:00:15"]
[BlackClock "0:00:16"]

1. e4 e6 2. d4 d5 3. Bd3 Nf6 4. e5 Nfd7 5. Ne2 c5 6. c3 Nc6 7. a3 Qb6 8. b4 cxd4 9. cxd4 Nxd4 10. Be3 Bxb4+ 11. axb4 Qxb4+ 12. Bd2 Qb6 13. Nxd4 Qxd4 14. Bc3 Qb6 15. O-O Nc5 16. Bd4 Qc7 17. Qc2 b6 18. Rc1 Bd7 19. Bxc5 bxc5 20. Qxc5 Qxe5 21. Nd2 Rc8 22. Qa3 Rxc1+ 23. Rxc1 Qb8 24. Nf3 f6 25. Ra1 a5 26. h4 Qb6 27. Qxa5 Qxa5 28. Rxa5 Ke7 29. Ra7 Kd6 30. Nd4 h6 31. Bb5 Bc8 32. Ba6 Bd7 33. Bb5 Bc8 34. Be2 g5 35. hxg5 hxg5 36. Ra8 Re8 37. Bb5 Rf8 38. Ba6 e5 39. Rxc8 Rxc8 40. Bxc8 exd4 41. Bf5 Kc5 42. Bd3 Kb4 43. Kf1 Kc3 44. Ke2 Kb3 45. Kd2 Kb4 46. Kc2 Ka3 47. Bf5 Kb4 48. Kd3 Kc5 49. g4 Kc6 50. Kxd4 Kd6 51. Bc2 Ke6 52. f3 Kd6 53. Bb3 Ke7 54. Bxd5 Kf8 55. Ke4 Kg7 56. Kf5 Kh7 57. Kxf6 Kh6 58. Kf5 Kg7 59. Kxg5 Kh7 60. f4 Kg7 61. f5 Kh7 62. Bg2 Kh8 63. Kf6 Kh7 64. g5 Kg8 65. g6 Kh8 66. Ke7 Kg7 67. f6+ Kh6 68. f7 Kg5 69. f8=Q Kh4 70. g7 Kg3 71. g8=Q+ Kh2 72. Qh7+ Kg1 73. Qh1# 1-0


[Site "https://www.chess.com"]

[Event "Titled Tuesday Blitz January 10 Early 2023"]
[White "Starozhilov, Leonid"]
[Black "Buksa, Nataliya"]
[WhiteFideId "14106752"]
[BlackFideId "14123622"]
[WhiteElo "2313"]
[BlackElo "2406"]
[Result "1-0"]
[Round "06"]
[TimeControl "180+2"]
[Date "2023.01.10"]
[WhiteClock "0:00:08"]
[BlackClock "0:00:30"]

1. e4 c5 2. Nf3 Nc6 3. Bb5 g6 4. O-O Bg7 5. Nc3 e5 6. a3 Nge7 7. b4 d6 8. bxc5 dxc5 9. Bc4 O-O 10. d3 h6 11. h3 b6 12. Be3 Bb7 13. Nd2 Kh7 14. Nd5 Na5 15. Nxe7 Qxe7 16. Bd5 Bxd5 17. exd5 e4 18. dxe4 Bxa1 19. Qxa1 Rad8 20. c4 f6 21. f4 Rfe8 22. Re1 Nb7 23. Bf2 Na5 24. e5 fxe5 25. fxe5 Kg8 26. Ne4 Rf8 27. Nf6+ Kg7 28. Qc1 Rxf6 29. exf6+ Qxf6 30. Re6 Qf7 31. Bg3 Re8 32. Qe1 Rxe6 33. dxe6 Qe7 34. Bd6 Qe8 35. Qe4 Nb3 36. e7 Nd4 37. Be5+ Kh7 38. Bxd4 cxd4 39. Qe5 d3 40. Qd6 d2 41. Qxd2 Qxe7 42. Qd3 h5 43. Kf2 Qxa3 44. Qxa3 1-0


[Site "https://www.chess.com"]

[Event "Titled Tuesday Blitz January 10 Early 2023"]
[White "Blohberger, Felix"]
[Black "Musovic, Armin"]
[WhiteFideId "1632051"]
[BlackFideId "939935"]
[WhiteElo "2501"]
[BlackElo "2261"]
[Result "1-0"]
[Round "06"]
[TimeControl "180+2"]
[Date "2023.01.10"]
[WhiteClock "0:01:15"]
[BlackClock "0:00:57"]

1. Nc3 Nf6 2. Nf3 d5 3. e3 Bg4 4. h3 Bxf3 5. Qxf3 c6 6. e4 e6 7. Be2 Bb4 8. exd5 exd5 9. O-O O-O 10. d4 h6 11. Bd3 Nbd7 12. Ne2 Bd6 13. Ng3 Bxg3 14. Qxg3 Kh8 15. c3 Re8 16. Qf3 Nf8 17. Bf4 Ne4 18. Rfe1 f5 19. Be5 Qg5 20. Qf4 Ng6 21. Qxg5 hxg5 22. Bh2 f4 23. f3 Re6 24. fxe4 Rae8 25. e5 Nh4 26. Rf1 c5 27. g3 fxg3 28. Bxg3 c4 29. Bf5 Rh6 30. Bd7 Re7 31. e6 Ng6 32. Bd6 Rxh3 33. Bxe7 Nxe7 1-0


[Site "https://www.chess.com"]

[Event "Titled Tuesday Blitz January 10 Early 2023"]
[White "Novik, Maxim"]
[Black "Domingo Nunez, Ruben"]
[WhiteFideId "4102924"]
[BlackFideId "22245570"]
[WhiteElo "2436"]
[BlackElo "2416"]
[Result "1-0"]
[Round "06"]
[TimeControl "180+2"]
[Date "2023.01.10"]
[WhiteClock "0:01:00"]
[BlackClock "0:00:39"]

1. d4 g6 2. e4 Bg7 3. Nc3 c6 4. f4 d5 5. e5 f6 6. Be3 Nh6 7. Be2 O-O 8. Qd2 Nf5 9. Bf2 fxe5 10. dxe5 e6 11. Nf3 Nd7 12. g4 Nh6 13. h3 c5 14. O-O-O a6 15. Ng5 Nxe5 16. Bxc5 Nhf7 17. Bxf8 Bxf8 18. Nxf7 Nxf7 19. f5 exf5 20. Qxd5 Qxd5 21. Nxd5 Rb8 22. Nf6+ Kg7 23. Ne8+ Kh6 24. Nc7 Bd6 25. Nd5 Be6 26. gxf5 Bxf5 27. Bg4 Ng5 28. Bxf5 gxf5 29. c3 Ne4 30. Kc2 Nf2 31. Ne3 Nxd1 32. Nxf5+ Kg5 33. Nxd6 Ne3+ 34. Kd3 Nd5 35. Rg1+ Kh4 36. Rg7 Rd8 37. Rxh7+ Kg3 38. Nf5+ Kf4 39. Nd4 b5 40. Ne6+ 1-0


[Site "https://www.chess.com"]

[Event "Titled Tuesday Blitz January 10 Early 2023"]
[White "Seo, Jung Min"]
[Black "Borgaonkar Akshay"]
[WhiteFideId "1734687"]
[BlackFideId "25639110"]
[WhiteElo "2494"]
[BlackElo "1991"]
[Result "1-0"]
[Round "06"]
[TimeControl "180+2"]
[Date "2023.01.10"]
[WhiteClock "0:00:11"]
[BlackClock "0:00:01"]

1. e4 c5 2. Nf3 e6 3. d4 cxd4 4. Nxd4 Nc6 5. Nc3 Qc7 6. Be3 a6 7. g4 b5 8. Nxc6 Qxc6 9. Qd2 b4 10. Ne2 Qxe4 11. Rg1 Qc4 12. Nf4 Qc7 13. O-O-O Nf6 14. Bd3 Bb7 15. Nh5 Nxh5 16. gxh5 h6 17. Bd4 Rg8 18. f4 O-O-O 19. Qe3 Bd6 20. Rdf1 Qc6 21. Bxg7 Qd5 22. Rg3 Qxa2 23. Qd4 Qd5 24. Qxd5 Bxd5 25. Bxh6 Rxg3 26. hxg3 Rh8 27. Bxa6+ Kc7 28. Bg5 Rxh5 29. Bd3 f5 30. Be2 Rh3 31. g4 Rh2 32. Bd1 fxg4 33. Bxg4 Be4 34. Bd1 Bf5 35. Bf6 Bc5 36. b3 d6 37. Kb1 Rh6 38. Bb2 Rh2 39. Bc1 d5 40. Bb2 d4 41. Re1 d3 42. cxd3 Bxd3+ 43. Ka1 Bf5 44. Bf3 Kb6 45. Be4 Bg4 46. Be5 Rf2 47. Rc1 Be3 48. Rc6+ Kb5 49. Rc8 Rf1+ 50. Kb2 Rf2+ 51. Kb1 Rf1+ 52. Kb2 Rf2+ 53. Rc2 Rxc2+ 54. Kxc2 Bf5 55. Kd3 Bxe4+ 56. Kxe4 Bc1 57. Bd6 1-0


[Site "https://www.chess.com"]

[Event "Titled Tuesday Blitz January 10 Early 2023"]
[White "Boyer, Mahel"]
[Black "Bagwe Gaurang"]
[WhiteFideId "45102422"]
[BlackFideId "45039895"]
[WhiteElo "2489"]
[BlackElo "2067"]
[Result "1/2-1/2"]
[Round "06"]
[TimeControl "180+2"]
[Date "2023.01.10"]
[WhiteClock "0:00:07"]
[BlackClock "0:00:14"]

1. d4 d5 2. Bf4 e6 3. e3 c5 4. Nd2 Bd6 5. Bg3 Qc7 6. Ngf3 Nd7 7. e4 cxd4 8. exd5 exd5 9. Bd3 Ne7 10. O-O Bxg3 11. hxg3 Nf6 12. Nxd4 Bg4 13. f3 Bd7 14. Qe1 Qd6 15. N2b3 O-O-O 16. a4 Rhe8 17. Qf2 Kb8 18. Nb5 Qb6 19. Qxb6 axb6 20. N3d4 Nc6 21. Nf5 Nb4 22. Nfd6 Bxb5 23. Nxb5 Nxd3 24. cxd3 Re2 25. Rf2 Rde8 26. g4 Nd7 27. Nd4 Re1+ 28. Rf1 Rxa1 29. Rxa1 Nc5 30. Ra3 Re3 31. Nf5 Rxd3 32. Nxg7 Rxa3 33. bxa3 Nxa4 34. Ne8 Nc3 35. Nf6 Kc7 36. Nxh7 Nb5 37. Ng5 Nxa3 38. Nxf7 b5 39. Ne5 b4 40. g5 b3 41. Nd3 Kd6 42. g6 Ke6 43. Nc5+ Kf6 44. Nxb3 Kxg6 45. Kf2 Nc4 46. g4 Kg5 47. Kg3 b5 48. f4+ Kg6 49. Kf3 b4 50. Ke2 Nd6 51. Ke3 Ne4 52. Nd4 Kf6 53. Kf3 Nd2+ 54. Ke3 Nc4+ 55. Kf3 Nd2+ 56. Ke3 Nc4+ 57. Ke2 Nd6 58. Kd3 Ne4 59. Nf3 Nf2+ 60. Kd4 b3 61. Nd2 Nxg4 62. Kxd5 b2 63. Ke4 Nf2+ 64. Ke3 Ng4+ 65. Ke4 Ke6 66. Nb1 Nf6+ 67. Kd4 Nd5 68. f5+ Kxf5 69. Kxd5 Kf6 70. Kd4 Kf5 71. Kd3 Ke6 72. Ke3 Kd6 73. Kf4 Kc6 74. Ke3 Kc5 75. Ke2 Kc4 76. Kd1 Kb3 77. Kd2 Ka2 78. Kc2 Ka1 79. Nd2 b1=Q+ 80. Nxb1 1/2-1/2


[Site "https://www.chess.com"]

[Event "Titled Tuesday Blitz January 10 Early 2023"]
[White "Andreev, Eduard"]
[Black "Wagner, Dennis"]
[WhiteFideId "14103400"]
[BlackFideId "24650684"]
[WhiteElo "2413"]
[BlackElo "2595"]
[Result "1/2-1/2"]
[Round "06"]
[TimeControl "180+2"]
[Date "2023.01.10"]
[WhiteClock "0:00:11"]
[BlackClock "0:00:08"]

1. e4 c5 2. Nf3 d6 3. d4 cxd4 4. Nxd4 Nf6 5. Nc3 a6 6. f3 e5 7. Nb3 Be6 8. Be3 h5 9. Qd2 Nbd7 10. O-O-O Rc8 11. Kb1 Be7 12. Bd3 b5 13. h3 h4 14. f4 Qc7 15. Rhe1 Nb6 16. Bxb6 Qxb6 17. Nd5 Nxd5 18. exd5 Bxd5 19. fxe5 dxe5 20. Bxb5+ axb5 21. Qxd5 O-O 22. Qxe5 Bf6 23. Qf4 b4 24. g3 Qc6 25. Re2 Rfd8 26. Red2 Rxd2 27. Rxd2 Qh1+ 28. Nc1 Qxh3 29. gxh4 Qxh4 30. Qxh4 Bxh4 31. Rd4 Be7 32. Nd3 Rb8 33. Rd7 Bf8 34. Ne5 f6 35. Nc6 Rc8 36. Nd4 Re8 37. b3 g6 38. Kb2 f5 39. c3 Bg7 40. cxb4 g5 41. Kc3 g4 42. Kd3 f4 43. Nf5 Bf8 44. Rd4 g3 45. Rxf4 Rd8+ 46. Ke3 Re8+ 47. Kf3 Ra8 48. a4 Rb8 49. b5 Rc8 50. Rg4+ Kf7 51. Rc4 Rd8 52. Nxg3 Rd3+ 53. Kf4 Rxb3 54. Ne4 Ke6 55. Nc5+ Kd5 56. Nxb3 Kxc4 57. b6 Kxb3 58. b7 Bd6+ 59. Kf5 Kxa4 60. Ke6 Bb8 61. Kd7 Ka5 62. Kc8 Bd6 63. b8=Q Bxb8 1/2-1/2


[Site "https://www.chess.com"]